Map: Ley Lines

Players

Brad - Winner!

  • Race: Zerg Zerg
  • League: Diamond
  • Spawn Location: 1:00

Reven

  • Race: Terran Terran
  • League: Gold
  • Spawn Location: 7:00

VOD

Have the link to the VOD?

Description

Time

  • Played on: Aug. 27, 2025, 10:08 a.m.
  • Length: 9:55
Show
View Real Time Build Order
Export as new Build Order

Brad Zerg - Winner!

Build Orders: Hatch First 

Get SALT Encoding   

  12  0:01  Drone  
  13  0:13  Overlord  
  13  0:17  Drone  
  14  0:32  Drone x2  
  16  0:38  Drone  
  17  0:54  Hatchery  
  16  0:59  Drone  
  16  1:00  Drone  
  18  1:10  Extractor  
  17  1:13  Spawning Pool  
  17  1:17  Drone  
  17  1:23  Drone  
  18  1:30  Drone  
  19  1:40  Drone  
  20  1:56  Overlord  
  20  2:01  Queen  
  20  2:05  Roach Warren  
  20  2:06  Drone  
  22  2:11  Queen  
  22  2:14  Zergling x2  
  25  2:17  Drone  
  25  2:20  Drone  
  27  2:23  Drone  
  28  2:31  Extractor  
  28  2:40  Drone  
  28  2:41  Drone  
  28  2:51  Roach x3  
  34  2:55  Roach  
  36  3:00  Overlord  
  36  3:19  Ravager, Hatchery  
  36  3:21  Drone x3  
  39  3:28  Ravager  
  39  3:31  Overlord, Drone  
  41  3:39  Drone  
  41  3:40  Drone  
  43  3:42  Drone, Evolution Chamber  
  43  3:51  Drone x2  
  43  3:53  Overlord, Drone  
  46  3:57  Metabolic Boost  
  46  4:03  Drone  
  46  4:04  Overlord, Drone  
  46  4:08  Drone  
  49  4:18  Drone  
  49  4:19  Drone x2  
  49  4:20  Overlord  
  49  4:21  Drone  
  53  4:25  Spore Crawler  
  53  4:26  Queen  
  54  4:35  Drone  
  54  4:36  Drone x3  
  54  4:37  Spore Crawler  
  55  4:41  Drone  
  55  4:44  Drone x2  
  55  4:45  Drone x2  
  60  4:48  Drone  
  60  4:52  Drone  
  59  4:57  Ravager  
  60  5:00  Drone  
  60  5:01  Drone x4  
  65  5:09  Evolution Chamber  
  65  5:13  Overlord, Roach x3  
  67  5:20  Extractor  
  63  5:22  Extractor  
  63  5:26  Overlord  
  63  5:27  Roach  
  64  5:31  Extractor  
  64  5:32  Extractor  
  64  5:33  Spore Crawler  
  63  5:37  Roach  
  65  5:44  Drone  
  65  5:47  Drone  
  65  5:49  Overlord  
  67  5:51  Drone x3  
  67  5:52  Queen  
  67  5:55  Drone x3  
  75  5:59  Queen, Lair  
  75  6:01  Drone x2  
  77  6:06  Zerg Missile Weapons Level 1  
  77  6:11  Overlord  
  77  6:12  Zergling x2, Extractor  
  77  6:17  Zerg Ground Armor Level 1  
  77  6:18  Overlord  
  77  6:22  Drone  
  77  6:23  Overlord, Drone  
  77  6:24  Drone  
  81  6:25  Zergling x2  
  81  6:28  Queen  
  83  6:33  Drone  
  83  6:35  Drone x3  
  83  6:36  Drone x3  
  90  6:45  Queen  
  92  6:47  Overlord  
  92  6:50  Roach  
  92  6:51  Roach x3  
  92  6:53  Ravager  
  101  6:54  Ravager x4  
  101  6:55  Roach  
  101  6:58  Glial Reconstitution  
  107  7:02  Roach x2  
  111  7:10  Roach x5  
  111  7:11  Overlord  
  121  7:24  Overlord  
  121  7:25  Overseer x2  
  121  7:26  Overlord x4  
  121  7:31  Roach x3  
  121  7:33  Roach  
  121  7:36  Overlord x2  
  129  7:38  Overseer  
  129  7:39  Overseer  
  129  7:40  Overlord  
  129  7:48  Roach  
  129  7:49  Roach  
  133  7:52  Roach  
  133  7:57  Hydralisk Den, Hatchery  
  133  8:00  Roach  
  133  8:01  Roach  
  133  8:03  Roach x2  
  140  8:08  Roach x4  
  140  8:09  Roach  
  133  8:14  Roach x2  
  133  8:16  Roach  
  133  8:20  Roach  
  133  8:24  Roach x3  
  133  8:26  Roach  
  145  8:27  Roach x2  
  145  8:28  Ravager  
  145  8:29  Ravager  
  145  8:30  Ravager  
  145  8:32  Ravager  
  151  8:42  Roach x2  
  151  8:45  Roach x2  
  151  8:46  Nydus Network  
  151  8:48  Roach x2  
  162  8:49  Overlord x2  
  162  8:58  Overseer  
  149  9:10  Roach x2  
  149  9:13  Roach  
  149  9:14  Roach x7  
  149  9:15  Roach  
  155  9:21  Roach x3  
  155  9:23  Roach  
  157  9:31  Roach x2  
  157  9:32  Roach x2  
Show
View Real Time Build Order
Export as new Build Order

Reven Terran 

Build Orders: Reaper Expand 

Get SALT Encoding   

  12  0:00  SCV  
  13  0:12  SCV  
  14  0:17  Supply Depot  
  14  0:24  SCV  
  15  0:38  SCV  
  15  0:39  Barracks  
  16  0:43  Refinery  
  16  0:50  SCV  
  17  1:02  SCV  
  18  1:15  SCV  
  19  1:28  Orbital Command  
  19  1:29  Reaper  
  20  1:44  Command Center  
  21  1:54  SCV  
  21  2:00  Supply Depot  
  21  2:07  Barracks Reactor  
  21  2:08  SCV  
  22  2:20  SCV  
  23  2:25  Factory  
  23  2:43  SCV  
  24  2:47  Command Center  
  24  2:48  Refinery  
  24  2:55  SCV  
  25  2:58  Orbital Command  
  25  3:08  SCV  
  25  3:10  Starport  
  26  3:17  Hellion  
  30  3:20  Hellion, SCV  
  31  3:32  Barracks Tech Lab, SCV  
  33  3:37  Bunker  
  32  3:43  Widow Mine x2  
  36  3:54  Marauder  
  38  3:59  SCV  
  39  4:14  Marine  
  39  4:15  Widow Mine x2  
  44  4:18  Orbital Command  
  44  4:20  Liberator  
  44  4:22  SCV  
  48  4:29  Barracks  
  48  4:34  Barracks, SCV  
  47  4:40  Marauder  
  45  4:55  Widow Mine x2  
  45  4:57  Orbital Command  
  49  5:03  Barracks  
  49  5:06  Barracks  
  47  5:22  SCV x2  
  47  5:26  SCV  
  47  5:27  Barracks Tech Lab  
  50  5:28  Barracks Reactor  
  50  5:34  SCV x2  
  52  5:38  SCV  
  53  5:46  SCV x2  
  53  5:48  Stimpack  
  53  5:49  Concussive Shells  
  55  5:51  Barracks Tech Lab  
  55  5:54  Barracks Reactor  
  55  5:58  SCV x2  
  55  5:59  Refinery, SCV  
  55  6:00  Refinery  
  58  6:05  Engineering Bay x2  
  58  6:06  Supply Depot  
  58  6:07  Marauder  
  60  6:12  Marauder  
  60  6:14  Supply Depot  
  60  6:15  Widow Mine x2, Supply Depot  
  66  6:22  Starport Reactor  
  66  6:26  SCV x3  
  66  6:29  Marine x2, Marauder x2  
  66  6:31  Marine x2  
  77  6:35  Marine  
  77  6:36  Supply Depot  
  77  6:37  Supply Depot  
  77  6:38  SCV x3  
  81  6:40  Supply Depot  
  81  6:45  Widow Mine x2  
  81  6:46  Marine  
  85  6:50  Marauder  
  88  6:55  Marine x4  
  88  6:56  Marine  
  88  6:59  Medivac x2, Orbital Command  
  97  7:05  SCV x2  
  99  7:09  Terran Infantry Weapons Level 1  
  99  7:17  SCV x2  
  101  7:23  Marine  
  101  7:24  Marine x2, Marauder x3  
  101  7:26  Widow Mine  
  101  7:29  SCV  
  113  7:30  Supply Depot, SCV  
  114  7:40  Medivac x2  
  118  7:53  Armory  
  111  8:12  Marine, Marauder x3  
  86  8:21  Marine  
  86  8:22  Medivac, Widow Mine x2  
  86  8:27  SCV x3  
  87  8:33  Marauder  
  94  8:34  Marauder x2  
  94  8:35  Marine x2  
  94  8:39  SCV x3  
  99  8:42  Barracks  
  99  8:43  Barracks  
  99  8:51  SCV x2  
  99  8:55  Barracks, Marauder x3  
  107  8:58  Refinery  
  107  8:59  Factory Tech Lab  
  107  9:00  Refinery  
  107  9:01  Command Center  
  96  9:16  Marauder  
  96  9:17  Marauder  
  77  9:24  Marine x5  
  69  9:37  Marine  
Tags
 
Add a new tag
Caveats
  • Supply blocks, unpowered buildings, or Contaminate may cause inaccurate times.
  • Supply counts are checked every 10 seconds.